 Dungeon Crawl Stone Soup version 0.21-a0-221-gfe971b9 (webtiles) character file.

17647 Kidiri the Thaumaturge (level 12, -1/68 HPs)
             Began as a Deep Elf Fire Elementalist on Aug 25, 2017.
             Was a Priest of Vehumet.
             Slain by a catoblepas (29 damage)
             ... on level 3 of the Lair of Beasts.
             The game lasted 01:09:12 (17076 turns).

Kidiri the Thaumaturge (DEFE)                      Turns: 17076, Time: 01:09:13

Health: -1/68      AC: 12    Str:  8    XL:     12   Next: 20%
Magic:  16/31      EV: 16    Int: 26    God:    Vehumet [***...]
Gold:   411        SH:  2    Dex: 15    Spells: 14/37 levels left

rFire    + . .     SeeInvis +   d - +7 dagger
rCold    . . .     Gourm    .   (no shield)
rNeg     . . .     Faith    .   x - +0 leather armour {rF+}
rPois    +         Spirit   .   o - +1 helmet
rElec    .         Reflect  +   f - +1 cloak {rPois}
rCorr    .         Harm     .   t - +1 pair of gloves {Str+3}
MR       +....                  E - +1 pair of boots
Stlth    +++.......             B - +2 amulet of reflection
HPRegen  0.21/turn              w - ring of stealth
MPRegen  0.22/turn              F - ring of wizardry

@: no status effects
A: hooves 1, see invisible
a: Renounce Religion


You were on level 3 of the Lair of Beasts.
You worshipped Vehumet.
Vehumet was most pleased with you.
You were not hungry.

You visited 3 branches of the dungeon, and saw 14 of its levels.

You collected 718 gold pieces.
You spent 307 gold pieces at shops.

Inventory:

Hand Weapons
 d - a +7 dagger (weapon)
Armour
 f - a +1 cloak of poison resistance (worn)
 o - a +1 helmet (worn)
 t - a +1 pair of gloves of strength (worn)
 x - a +0 leather armour of fire resistance (worn)
 E - a +1 pair of boots (worn)
Jewellery
 w - a ring of stealth (left hand)
 y - an uncursed amulet of the gourmand
 B - a +2 amulet of reflection (around neck)
 F - a ring of wizardry (right hand)
 G - an uncursed amulet of harm
Wands
 q - a wand of clouds (5/9)
 C - a wand of iceblast (11/15)
 D - a wand of polymorph (7/24)
 I - a wand of confusion (32/48)
 J - a wand of lightning (2/15)
Scrolls
 b - a scroll of magic mapping
 g - a scroll of fear
 h - a scroll of immolation
 l - 5 scrolls of teleportation
 n - 5 scrolls of remove curse
 v - 2 scrolls of amnesia
Potions
 a - a potion of berserk rage
 e - 3 potions of haste
 j - a potion of cancellation {unknown}
 k - 3 potions of flight
 m - 2 potions of resistance
 p - 5 potions of might
 s - a potion of brilliance
 z - a potion of lignification {unknown}
 A - a potion of ambrosia {unknown}
Comestibles
 c - 4 bread rations
 i - 3 meat rations
 r - 4 chunks of flesh


   Skills:
 + Level 5.0 Fighting
 + Level 6.4 Short Blades
 + Level 5.0 Armour
 + Level 8.0 Dodging
 - Level 2.4 Stealth
 * Level 13.4 Spellcasting
 + Level 8.1 Conjurations
 + Level 8.5 Fire Magic
 + Level 5.5 Ice Magic
 + Level 3.5 Poison Magic


You had 14 spell levels left.
You knew the following spells:

 Your Spells              Type           Power        Failure   Level  Hunger
a - Flame Tongue          Conj/Fire      #####        1%          1    None
b - Throw Flame           Conj/Fire      ######       1%          2    None
c - Conjure Flame         Conj/Fire      ######..     1%          3    None
d - Inner Flame           Hex/Fire       #####...     1%          3    None
e - Sticky Flame          Conj/Fire      ######..     1%          4    None
f - Fireball              Conj/Fire      ######....   1%          5    ##.....
g - Throw Icicle          Conj/Ice       ######..     1%          4    None
h - Sting                 Conj/Pois      ####         1%          1    None


Dungeon Overview and Level Annotations

Branches:
Dungeon (10/15)            Temple (1/1) D:6            Lair (3/6) D:10
  Swamp: Lair:2-4    Shoals: Lair:2-4     Snake: Lair:2-4    Spider: Lair:2-4
    Orc: D:9-12

Altars:
Ashenzari
Cheibriados
Dithmenos
Elyvilon
Fedhas
Gozag
Hepliaklqana
Kikubaaqudgha
Makhleb
Nemelex Xobeh
Okawaru
Qazlal
Ru
Sif Muna
Trog
Uskayaw
Vehumet
Wu Jian
Xom
Yredelemnul
Zin
The Shining One

Shops:
D:4 *   D:6 *   D:9 [


Innate Abilities, Weirdness & Mutations

You have large cloven feet.
You have supernaturally acute eyesight. (SInv)


Message History

Aiming: Flame Tongue
Press: ? - help, Shift-Dir - straight line, f/p - catoblepas
Aim: a catoblepas (heavily wounded, covered in liquid flames)
The flame tongue hits the catoblepas.
The catoblepas is heavily wounded.
The catoblepas burns!
The catoblepas misses you.
You feel much better.
The catoblepas burns!
The catoblepas breathes a plume of calcifying dust at you.
The blast of calcifying dust hits you!
The catoblepas burns!
The catoblepas gores you!
Unknown command.
Casting: Flame Tongue
Confirm with . or Enter, or press ? or * to list all spells.
Aiming: Flame Tongue
Press: ? - help, Shift-Dir - straight line, f/p - catoblepas
Aim: a catoblepas (severely wounded, covered in liquid flames)
The flame tongue hits the catoblepas.
The catoblepas appears unharmed.
The catoblepas is severely wounded.
The catoblepas burns!
The catoblepas gores you!!
You die...

............................
............................
...............§......(.....
..#.P....#P....§.....P......
...#...........§..P.....#P.#
...............§..#.......P.
...............§............
...............§........
...............Y@.......
.............#...###...#
...#.............# ..
.................#
..(........#.......
.................... >..
...$).#..../.... ..
.....#....#.... ..


You could see a catoblepas (burning).

Vanquished Creatures
  4 hydras
  A two-headed ogre (D:8)
  Sonja (Lair:1)
  3 elephants (Lair:3)
  7 spiny frogs
  A centaur skeleton (D:10)
  A gargoyle (D:10)
  A troll (D:9)
  A polar bear (Lair:2)
  Prince Ribbit (D:7)
  3 hippogriffs
  2 wyverns (Lair:2)
  8 yaks
  3 hungry ghosts
  A basilisk (Lair:2)
  4 fire bats (D:10)
  Edmund (D:4)
  6 water moccasins
  3 hell hounds (D:10)
  6 porcupines
  Duvessa (D:4)
  A phantom (D:8)
  2 ice beasts (D:7)
  2 black bears
  5 orc warriors
  5 ogres
  A wolf (Lair:3)
  5 centaurs
  2 crocodiles
  Dowan (D:4)
  7 bullfrogs
  A gnoll sergeant (D:7)
  A wyvern zombie (D:9)
  8 scorpions
  5 killer bees (D:8)
  A wight (D:9)
  A howler monkey (D:6)
  A crimson imp (D:6)
  2 lava snakes (D:10)
  A quasit (D:8)
  3 bullfrog zombies
  3 orc priests
  6 hounds
  12 orc wizards
  A jelly (D:10)
  Jessica (D:2)
  An iguana (D:7)
  3 worker ants
  2 killer bee zombies
  A hound zombie (D:8)
  10 gnolls
  15 adders
  3 oozes
  An adder zombie (D:5)
  An adder skeleton (D:4)
  A worm (D:2)
  5 dart slugs
  6 leopard geckos
  44 orcs
  3 ball pythons
  9 bats
  7 giant cockroaches
  8 goblins
  6 hobgoblins
  9 jackals
  5 quokkas
  2 frilled lizards
  6 kobolds
  A leopard gecko skeleton (D:5)
  A quokka zombie (D:5)
  14 rats
  A bush (Lair:2)
  3 fire vortices (D:10)
305 creatures vanquished.

Vanquished Creatures (others)
  A bush (Lair:2)
  A plant (Lair:1)
  4 toadstools (D:1)
6 creatures vanquished.

Grand Total: 311 creatures vanquished

Notes
Turn   | Place    | Note
-------+----------+-------------------------------------------
     0 | D:1      | Kidiri the Deep Elf Fire Elementalist began the quest for the Orb.
     0 | D:1      | Reached XP level 1. HP: 10/10 MP: 6/6
   278 | D:1      | Reached XP level 2. HP: 15/15 MP: 5/8
   282 | D:1      | Learned a level 2 spell: Throw Flame
   933 | D:2      | Reached XP level 3. HP: 19/19 MP: 3/10
   942 | D:2      | Learned a level 3 spell: Conjure Flame
   946 | D:2      | Learned a level 3 spell: Inner Flame
   965 | D:2      | Reached skill level 4 in Spellcasting
  1039 | D:2      | Noticed Jessica
  1041 | D:2      | Killed Jessica
  1146 | D:2      | Reached XP level 4. HP: 24/24 MP: 9/12
  1816 | D:2      | Reached skill level 5 in Spellcasting
  1934 | D:2      | Learned a level 4 spell: Sticky Flame
  2131 | D:3      | Reached XP level 5. HP: 28/28 MP: 12/14
  2620 | D:3      | Reached skill level 6 in Spellcasting
  2630 | D:3      | Found a blossoming altar of Fedhas.
  2639 | D:3      | Found an ornate altar of the Wu Jian Council.
  2645 | D:3      | Found a deep blue altar of Sif Muna.
  2671 | D:3      | Found a bloodstained altar of Trog.
  3277 | D:3      | Reached XP level 6. HP: 29/32 MP: 2/17
  3286 | D:3      | Learned a level 5 spell: Fireball
  3857 | D:4      | Reached skill level 7 in Spellcasting
  4075 | D:4      | Found Igeniv's General Store.
  4088 | D:4      | Gained mutation: You have large cloven feet. [potion of mutation]
  4088 | D:4      | Gained mutation: You have supernaturally acute eyesight. (SInv) [potion of mutation]
  4090 | D:4      | Bought a +1 cloak of poison resistance for 135 gold pieces
  4192 | D:4      | Noticed Duvessa
  4220 | D:4      | Reached XP level 7. HP: 37/37 MP: 11/19
  4258 | D:4      | Noticed Dowan
  4269 | D:4      | Killed Duvessa
  4269 | D:4      | Reached skill level 1 in Fighting
  4269 | D:4      | Reached skill level 1 in Short Blades
  4269 | D:4      | Reached skill level 1 in Armour
  4269 | D:4      | Reached skill level 5 in Fire Magic
  4271 | D:4      | Killed Dowan
  4343 | D:4      | Noticed Edmund
  4357 | D:4      | Killed Edmund
  4665 | D:5      | Entered Level 5 of the Dungeon
  4698 | D:5      | Reached skill level 8 in Spellcasting
  4847 | D:5      | Reached XP level 8. HP: 43/43 MP: 16/22
  5404 | D:5      | Found an ancient bone altar of Kikubaaqudgha.
  6481 | D:6      | Reached skill level 9 in Spellcasting
  6678 | D:6      | Reached skill level 5 in Conjurations
  6884 | D:6      | Found Wenlat's Assorted Antiques.
  6893 | D:6      | Bought a pair of runed gloves for 172 gold pieces
  6927 | D:6      | Found a staircase to the Ecumenical Temple.
  6949 | Temple   | Entered the Ecumenical Temple
  6969 | Temple   | Became a worshipper of Vehumet
  7563 | D:6      | Reached XP level 9. HP: 43/48 MP: 18/24
  7851 | D:7      | Noticed Prince Ribbit
  7863 | D:7      | Killed Prince Ribbit
  8149 | D:7      | Reached skill level 10 in Spellcasting
  8318 | D:7      | Learned a level 4 spell: Throw Icicle
  8798 | D:8      | Found a hide-covered altar of Uskayaw.
  8800 | D:8      | Noticed a hand axe
  8800 | D:8      | Noticed a hand axe
  8939 | D:8      | Reached skill level 5 in Dodging
  8939 | D:8      | Reached skill level 1 in Ice Magic
  9289 | D:8      | Found a sparkling altar of Nemelex Xobeh.
  9289 | D:8      | Found an opulent altar of Gozag.
 10078 | D:8      | Noticed a two-headed ogre
 10088 | D:8      | Killed a two-headed ogre
 10088 | D:8      | Reached XP level 10. HP: 56/56 MP: 7/26
 10112 | D:8      | Reached * piety under Vehumet
 10112 | D:8      | Offered knowledge of Magic Dart by Vehumet.
 10354 | D:9      | Reached skill level 11 in Spellcasting
 10697 | D:9      | Found Vasmetyz's Armour Shop.
 11112 | D:10     | Entered Level 10 of the Dungeon
 11112 | D:10     | Found a staircase to the Lair.
 11995 | D:10     | Noticed a gargoyle
 12489 | D:10     | Reached skill level 5 in Short Blades
 12525 | D:10     | Reached ** piety under Vehumet
 12525 | D:10     | Offered knowledge of Sting by Vehumet.
 12645 | D:10     | Learned a level 1 spell: Sting
 13191 | D:10     | Killed a gargoyle
 13191 | D:10     | Reached skill level 12 in Spellcasting
 13191 | D:10     | Reached XP level 11. HP: 53/61 MP: 23/29
 13232 | Lair:1   | Entered Level 1 of the Lair of Beasts
 13484 | Lair:1   | Noticed a five-headed hydra
 13494 | Lair:1   | Killed a five-headed hydra
 13494 | Lair:1   | Reached skill level 1 in Poison Magic
 13904 | Lair:1   | Offered knowledge of Dazzling Spray by Vehumet.
 13905 | Lair:1   | Noticed Sonja
 13918 | Lair:1   | Killed Sonja
 14144 | Lair:1   | Noticed a five-headed hydra
 14152 | Lair:1   | Killed a five-headed hydra
 15466 | Lair:2   | Noticed an eight-headed hydra
 15484 | Lair:2   | Killed an eight-headed hydra
 15484 | Lair:2   | Reached *** piety under Vehumet
 15484 | Lair:2   | Reached skill level 5 in Ice Magic
 15776 | Lair:2   | Reached skill level 13 in Spellcasting
 16008 | Lair:2   | Reached XP level 12. HP: 68/68 MP: 7/31
 16237 | Lair:2   | Noticed an eight-headed hydra
 16244 | Lair:2   | Killed an eight-headed hydra
 16697 | Lair:3   | Reached skill level 5 in Armour
 16721 | Lair:3   | Offered knowledge of Mephitic Cloud by Vehumet.
 16724 | Lair:3   | Reached skill level 5 in Fighting
 17061 | Lair:3   | Noticed a catoblepas
 17076 | Lair:3   | Slain by a catoblepas

Vault maps used:
D:1:      ldierk_water_garden
D:2:      kennysheep_doodads, uniq_jessica
D:3:      minmay_overflow_temple_star_quad, nicolae_overflow_crystal_walls,
          kennysheep_pointless_box
D:4:      first_bread, serial_shops, nicolae_shop_statue_plus, uniq_edmund,
          uniq_duvessa
D:5:      kiku_gazebo_garden_becter
D:6:      temple_fountains, serial_shops, nicolae_shop_overgrown_old_shop
D:7:      uniq_prince_ribbit1
D:8:      grunt_temple_overflow_opulence, dancing_weapons_uskayaw
D:9:      serial_shops, kennysheep_mini_moat
D:10:     minmay_lair_entry_lava, hangedman_incinerator
Temple:   zaba_magenta_temple
Lair:1:   uniq_sonja
Lair:2:   serial_forest, infiniplex_forest_straight_1,
          infiniplex_forest_straight_4, infiniplex_forest_lined_2,
          infiniplex_forest_clump_tiny, infiniplex_forest_clump_medium,
          infiniplex_forest_end_2, infiniplex_forest_lined_ring,
          infiniplex_forest_clump_large
Lair:3:   grunt_forest_large_clearings, serial_bayou_shore_a

Skill      XL: |  1  2  3  4  5  6  7  8  9 10 11 12 |
---------------+-------------------------------------+-----
Conjurations   | 2 3 4 5 6 7 8 |  8.1
Spellcasting   | 4 5 6 7 8 9 10 12 13 | 13.4
Fire Magic     | 4 5 6 7 8 |  8.5
Fighting       | 1 2 3 4 5 |  5.0
Short Blades   | 1 3 4 5 6 |  6.4
Armour         | 1 2 3 4 5 |  5.0
Dodging        | 3 4 5 6 7 8 |  8.0
Ice Magic      | 2 3 5 |  5.5
Poison Magic   | 3 |  3.5
Stealth        | |  2.4

Action                   |  1- 3 |  4- 6 |  7- 9 | 10-12 || total
-------------------------+-------+-------+-------+-------++-------
Melee: Dagger            |     8 |    47 |   181 |    67 ||   303
       Kick              |       |       |    34 |       ||    34
 Cast: Flame Tongue      |    42 |   116 |   154 |   161 ||   473
       Throw Flame       |    10 |    32 |    36 |    35 ||   113
       Sticky Flame      |       |     5 |    24 |    43 ||    72
       Conjure Flame     |       |     2 |    14 |     7 ||    23
       Inner Flame       |       |     1 |     9 |     3 ||    13
       Fireball          |       |     1 |     2 |    17 ||    20
       Throw Icicle      |       |       |     1 |    51 ||    52
       Sting             |       |       |       |     3 ||     3
Evoke: Wand              |       |       |     1 |     2 ||     3
  Use: Scroll            |     4 |     4 |    11 |    13 ||    32
       Potion            |       |     1 |     2 |     4 ||     7
 Stab: Sleeping          |     1 |     4 |     3 |       ||     8
  Eat: Chunk             |     1 |    10 |    15 |    14 ||    40
       Fruit             |       |       |     4 |     4 ||     8
       Royal jelly       |       |       |     4 |       ||     4
       Bread ration      |       |       |       |     2 ||     2
Armor: Robe              |     4 |    21 |    63 |    23 ||   111
       Leather armour    |       |       |       |    45 ||    45
Dodge: Dodged            |    14 |    75 |   155 |   146 ||   390
Block: Other             |       |       |       |     7 ||     7

Table legend:
 A = Spawn XP
 B = Non-spawn XP
 C = Spawn XP percentage of total XP
 D = Spawn monster count
 E = Non-spawn monster count
 F = Spawn count percentage of total count
 G = Total turns spent on level
                    A         B        C        D         E        F      G
               +---------+---------+-------+---------+---------+-------+---------
         Total |    7875 |   17336 |  31.2 |      57 |     244 |  18.9 | 17076
               +---------+---------+-------+---------+---------+-------+---------
           D:1 |       7 |      31 |  18.4 |       3 |      21 |  12.5 |   931
           D:2 |      11 |     142 |   7.2 |       4 |      29 |  12.1 |  1201
           D:3 |     196 |     123 |  61.4 |      19 |      23 |  45.2 |  1594
           D:4 |       0 |     761 |   0.0 |       0 |      17 |   0.0 |  1056
           D:5 |       1 |     473 |   0.2 |       1 |      13 |   7.1 |  1622
           D:6 |     218 |     928 |  19.0 |       3 |      21 |  12.5 |  1332
           D:7 |     198 |     784 |  20.2 |       1 |      11 |   8.3 |   981
           D:8 |    1408 |    1028 |  57.8 |       7 |      20 |  25.9 |  1556
           D:9 |      59 |    1302 |   4.3 |       1 |      16 |   5.9 |   910
          D:10 |     631 |    3019 |  17.3 |       6 |      39 |  13.3 |  1954
        Lair:1 |    1515 |    4835 |  23.9 |       3 |      19 |  13.6 |  1734
        Lair:2 |    1534 |    3794 |  28.8 |       3 |      14 |  17.6 |  1907
        Lair:3 |    2097 |     116 |  94.8 |       6 |       1 |  85.7 |   203
               +---------+---------+-------+---------+---------+-------+---------
